 Dungeon Crawl Stone Soup version 0.19-a0-860-g5c370dd (webtiles) character file.

17223 Cutter the Covert (level 12, 0/95 HPs)
             Began as a Demonspawn Gladiator on July 2, 2016.
             Was a Priest of Hepliaklqana.
             Slain by a boulder beetle (32 damage)
             ... on level 10 of the Dungeon.
             The game lasted 01:12:11 (8592 turns).

Cutter the Covert (Demonspawn Gladiator)            Turns: 8592, Time: 01:12:12

Health: 0/95       AC: 10    Str: 24    XL:     12   Next: 17%
Magic:  12/12      EV: 18    Int: 11    God:    Hepliaklqana [***...]
Gold:   938        SH:  4    Dex: 17    Spells: 2 memorised, 4 levels left

rFire  . . .     SeeInvis .     b - +7 Screaming Sword
rCold  + + .     Gourm    .     i - +0 robe {rC+}
rNeg   . . .     Faith    .     (no shield)
rPois  .         Spirit   .     c - +0 helmet
rElec  .         Dismiss  .     z - +0 cloak (curse)
rCorr  .         Reflect  +     r - +1 pair of gloves
SustAt .         Harm     .     p - +0 pair of boots (curse)
MR     .....                    q - +4 amulet of reflection
Stlth  +++++.....               D - +3 ring of strength
                                t - +4 ring of slaying

@: mighty, not resistant to hostile enchantments, quite stealthy
A: hooves 1, slimy green scales 2, cold resistance 1, powered by pain 1,
augmentation 1
a: Recall Ancestor, Ancestor Identity, Transference, Renounce Religion


You were on level 10 of the Dungeon.
You worshipped Hepliaklqana.
Hepliaklqana was most pleased with you.
You were not hungry.

You visited 2 branches of the dungeon, and saw 13 of its levels.

You collected 938 gold pieces.

Inventory:

Hand Weapons
 a - a +1 dagger of speed
 b - the +7 Screaming Sword (weapon)
   (You found it on level 4 of the Dungeon)
 w - a +0 dagger of distortion
 N - a +0 rapier
Missiles
 d - a throwing net (quivered)
Armour
 c - a +0 helmet (worn)
 h - a +0 ring mail
 i - a +0 robe of cold resistance (worn)
 p - a cursed +0 pair of boots (worn)
 r - a +1 pair of gloves (worn)
 z - a cursed +0 cloak (worn)
 E - a quicksilver dragon hide
 P - the +6 chain mail of the Manifold Mice {rPois Str+6 Stlth+}
   (You took it off an orc warlord on level 10 of the Dungeon)

   It affects your strength (+6).
   It protects you from poison.
   It makes you more stealthy.
Magical Staves
 L - an uncursed staff of energy {unknown}
 M - an uncursed staff of death {unknown}
Jewellery
 n - an uncursed ring of protection from fire
 q - a +4 amulet of reflection (around neck)
 t - a +4 ring of slaying (left hand)
 u - an uncursed amulet of dismissal {unknown}
 v - a +2 ring of evasion
 x - an uncursed ring of wizardry
 B - an uncursed ring of protection from cold
 D - a +3 ring of strength (right hand)
 H - an uncursed ring of fire {unknown}
 T - a cursed -3 ring of dexterity {unknown}
Wands
 j - a wand of hasting (5/9)
 l - a wand of heal wounds (4/9)
 o - a wand of disintegration (5/24)
 s - a wand of teleportation (2/9)
 R - a wand of lightning (5/15)
Scrolls
 y - a scroll of silence
 C - a scroll of magic mapping
 S - a scroll of enchant weapon
 U - a scroll of identify
Potions
 e - a potion of flight
 g - a potion of curing
 A - a potion of brilliance
 F - a potion of berserk rage
 I - a potion of mutation
 O - a potion of invisibility
 Q - a potion of heal wounds
Books
 K - a Necronomicon

   Spells                             Type                      Level
   a - Haunt                          Necromancy/Summoning         7
   b - Borgnjor's Revivification      Necromancy                   8
   c - Death's Door                   Charms/Necromancy            8
   d - Infestation                    Necromancy                   8
   e - Necromutation                  Transmutation/Necromancy     8
Comestibles
 f - 11 bread rations
 k - 6 meat rations
 m - 5 beef jerkies
 G - 3 slices of pizza
 J - 2 fruits


   Skills:
 - Level 9.1 Fighting
 - Level 7.2(9.4) Short Blades
 + Level 9.4(10.4) Long Blades
 - Level 1.7 Throwing
 + Level 1.8 Armour
 - Level 8.0 Dodging
 - Level 10.0 Stealth


You had 4 spell levels left.
You knew the following spells:

 Your Spells              Type           Power        Failure   Level  Hunger
a - Haste                 Chrm           #.......     100%        6    #######
b - Summon Butterflies    Summ           #.......     34%         1    ##.....


Dungeon Overview and Level Annotations

Branches:
Dungeon (12/15)            Temple (1/1) D:7
   Lair: D:8-11         Orc: D:9-12

Altars:
Ashenzari
Cheibriados
Dithmenos
Fedhas
Gozag
Hepliaklqana
Kikubaaqudgha
Makhleb
Nemelex Xobeh
Okawaru
Pakellas
Qazlal
Ru
Sif Muna
Trog
Uskayaw
Vehumet
Xom
Zin
The Shining One


Innate Abilities, Weirdness & Mutations

You have large cloven feet.
You are mostly covered in slimy green scales. (AC +3)
Your flesh is cold resistant. (rC+)
You sometimes gain a little power by taking damage.
Your magical and physical power is slightly enhanced at high health.


Message History

The boulder beetle curls into a ball and starts rolling!
The boulder beetle smashes into you!
The boulder beetle stops rolling.
You hit the boulder beetle.
The boulder beetle is lightly wounded.
The boulder beetle bites you!!
You focus on the pain.
You feel very mighty all of a sudden.
You hit the boulder beetle.
The boulder beetle is lightly wounded.
Shaco hits the boulder beetle but does no damage.
Shaco drains the boulder beetle!
The boulder beetle misses you.
You riposte.
You completely miss the boulder beetle.
The boulder beetle is lightly wounded.
You hit the boulder beetle.
The boulder beetle is lightly wounded.
Shaco barely misses the boulder beetle.
You slash the boulder beetle!
The boulder beetle is moderately wounded.
Shaco hits the boulder beetle but does no damage.
Shaco drains the boulder beetle!
The boulder beetle bites you!!
You die...

...###..###.##......##....((.# #
............#........(....)### #
.##...###...........####....#####
......###....###....##..[........
##..>.(....### #.#####.#......###
.......÷.#..# #.# #.###.#..[..
..#[..(#.....###.# #.# #.###...
)#.....###...#...#####.###.###.##
...#.(.# #...#@R.............#
#..#(..# #....B#####.#...#####
....##÷# #.....# #...### ###.##.#
####... #..# #....# ##.. ###..###
##.. #.....# .. #.)...# #..
#.....#


You could see the friendly Shaco the hexer and a boulder beetle.

Vanquished Creatures
  An orc warlord (D:10)
  A centaur warrior (D:8)
  A death knight (D:8)
  The ghost of rageheart7 the Basher, a novice OgCK of Xom (D:7)
  Sonja (D:11)
  2 unseen horrors (D:10)
  A cyclops (D:8)
  A centaur zombie (D:11)
  The ghost of Rastaban the Digger, a novice GrEE of Vehumet (D:6)
  A gargoyle (D:10)
  2 two-headed ogres
  4 trolls
  The ghost of bza the Carver, an amateur MiGl (D:3)
  A blink frog (D:8)
  Sigmund (D:4)
  A shadow (D:12)
  14 yaks
  A hog (D:7)
  A human (D:7)
  2 hippogriffs
  2 hungry ghosts
  A vampire mosquito (D:8)
  Menkaure (D:7)
  Duvessa (D:4)
  2 ice beasts
  2 black bears
  An eye of draining (D:8)
  5 orc warriors
  2 phantoms
  2 wasps
  2 ogres (D:4)
  10 centaurs
  A crocodile (D:10)
  2 big kobolds
  Blork the orc (D:4)
  4 giant frogs
  Dowan (D:4)
  6 scorpions
  4 killer bees (D:10)
  4 wights (D:11)
  2 jellies
  3 howler monkeys
  4 crimson imps
  3 hounds
  Crazy Yiuf (D:4)
  3 orc priests
  2 gnoll shamans
  A centaur skeleton (D:12)
  A giant frog skeleton (D:3)
  Jessica (D:3)
  Natasha (thrice) (D:4)
  A hexer (D:10)
  4 iguanas
  7 orc wizards
  4 worker ants
  2 sheep (D:7)
  A hound skeleton (D:11)
  A worker ant zombie (D:8)
  Robin (D:4)
  10 gnolls
  9 adders
  3 river rats (D:8)
  2 shadow imps
  3 adder zombies
  An adder skeleton (D:4)
  A worm (D:4)
  A dart slug (D:2)
  15 giant geckos
  30 orcs
  A ball python (D:4)
  3 giant cockroaches
  14 goblins
  5 hobgoblins
  4 jackals
  12 kobolds
  7 quokkas
  21 bats
  A giant gecko skeleton (D:4)
  3 giant newts
  A jackal skeleton (D:4)
  A quokka skeleton (D:4)
  15 rats
301 creatures vanquished.

Vanquished Creatures (collateral kills)
  An unseen horror (D:10)
  A basilisk (D:11)
  2 yaks
  3 wights (D:11)
  An orc priest (D:11)
  An iguana (D:7)
  A hound zombie (D:9)
  A gnoll (D:9)
  An adder (D:12)
  3 orcs
  A bat (D:8)
  A kobold (D:8)
17 creatures vanquished.

Vanquished Creatures (others)
  A centaur (D:10)
  4 ancestors
  3 hexers
  2 fungi (D:4)
  A plant (D:8)
11 creatures vanquished.

Grand Total: 329 creatures vanquished

Notes
Turn   | Place    | Note
-------+----------+-------------------------------------------
     0 | D:1      | Cutter the Demonspawn Gladiator began the quest for the Orb.
     0 | D:1      | Reached XP level 1. HP: 16/16 MP: 1/1
   226 | D:1      | Reached skill level 1 in Stealth
   226 | D:1      | Gained mutation: You are partially covered in slimy green scales. (AC +2) [demonic ancestry]
   226 | D:1      | Reached XP level 2. HP: 22/22 MP: 2/2
   537 | D:2      | Reached XP level 3. HP: 22/27 MP: 3/3
   751 | D:2      | Reached skill level 2 in Stealth
   758 | D:2      | You fall through a shaft for 2 floors!
   838 | D:3      | You fall through a shaft for 3 floors!
   974 | D:6      | Noticed Rastaban's ghost (novice GrEE)
  1073 | D:5      | Entered Level 5 of the Dungeon
  1111 | D:4      | Noticed Blork the orc
  1111 | D:4      | Noticed a scorpion
  1111 | D:4      | Noticed a centaur
  1111 | D:4      | Noticed an ogre
  1122 | D:5      | Reached XP level 4. HP: 6/33 MP: 4/4
  1555 | D:5      | Noticed a centaur
  1575 | D:5      | Killed a centaur
  1575 | D:5      | Reached skill level 3 in Stealth
  1575 | D:5      | Reached XP level 5. HP: 27/38 MP: 5/5
  1770 | D:4      | Noticed Robin
  1770 | D:4      | Noticed Sigmund
  1806 | D:5      | Found an opulent altar of Gozag.
  1861 | D:4      | Noticed a phantom
  1891 | D:4      | Killed a phantom
  1891 | D:4      | Reached XP level 6. HP: 24/44 MP: 6/6
  1939 | D:4      | Noticed Natasha
  1964 | D:4      | Killed Natasha
  1989 | D:4      | Noticed Duvessa
  1989 | D:4      | Noticed Dowan
  2041 | D:4      | Noticed Natasha
  2086 | D:4      | Killed Natasha
  2086 | D:4      | Reached skill level 4 in Stealth
  2162 | D:4      | Killed Robin
  2166 | D:4      | Noticed Natasha
  2171 | D:4      | Reached skill level 5 in Short Blades
  2209 | D:4      | Killed Natasha
  2275 | D:4      | Gained mutation: You are mostly covered in slimy green scales. (AC +3) [demonic ancestry]
  2275 | D:4      | Reached XP level 7. HP: 26/51 MP: 7/7
  2516 | D:3      | Noticed bza's ghost (amateur MiGl)
  2537 | D:3      | Noticed Jessica
  2542 | D:3      | Killed Jessica
  2558 | D:3      | Killed bza's ghost
  2558 | D:3      | Reached skill level 5 in Stealth
  2887 | D:3      | Gained mutation: You sometimes gain a little power by taking damage. [demonic ancestry]
  2887 | D:3      | Reached XP level 8. HP: 60/60 MP: 8/8
  2974 | D:4      | Killed Blork the orc
  2996 | D:4      | Killed Duvessa
  2996 | D:4      | Reached skill level 6 in Stealth
  3299 | D:4      | Killed Dowan
  3469 | D:4      | Found a runed door.
  3549 | D:4      | Killed Sigmund
  3613 | D:4      | Reached skill level 7 in Stealth
  3750 | D:4      | Noticed Crazy Yiuf
  3756 | D:4      | Killed Crazy Yiuf
  3929 | D:6      | Killed Rastaban's ghost
  3929 | D:6      | Reached skill level 5 in Fighting
  3929 | D:6      | Reached skill level 1 in Long Blades
  3929 | D:6      | Gained mutation: Your flesh is cold resistant. (rC+) [demonic ancestry]
  3929 | D:6      | Reached XP level 9. HP: 64/68 MP: 9/9
  3993 | D:6      | Learned a level 6 spell: Haste
  4374 | D:6      | Found an opulent altar of Gozag.
  4385 | D:6      | Reached skill level 8 in Stealth
  4591 | D:7      | Noticed rageheart7's ghost (novice OgCK)
  4607 | D:7      | Noticed Menkaure
  4611 | D:7      | Killed rageheart7's ghost
  4613 | D:7      | Killed Menkaure
  4613 | D:7      | Reached skill level 9 in Stealth
  4638 | D:7      | Found a staircase to the Ecumenical Temple.
  4650 | Temple   | Entered the Ecumenical Temple
  4657 | Temple   | Became a worshipper of Hepliaklqana
  4788 | D:7      | Gained mutation: You have large cloven feet. [demonic ancestry]
  4788 | D:7      | Reached XP level 10. HP: 53/76 MP: 10/10
  4791 | D:7      | Reached skill level 5 in Long Blades
  5278 | D:8      | Reached * piety under Hepliaklqana
  5465 | D:8      | Noticed a death knight
  5465 | D:8      | Noticed a centaur warrior
  5471 | D:8      | Noticed a cyclops
  5505 | D:8      | Found a hide-covered altar of Uskayaw.
  5570 | D:8      | Killed a cyclops
  5619 | D:8      | Killed a death knight
  5619 | D:8      | Reached skill level 5 in Dodging
  5619 | D:8      | Reached skill level 10 in Stealth
  6005 | D:8      | Killed a centaur warrior
  6034 | D:8      | Reached XP level 11. HP: 68/83 MP: 11/11
  6114 | D:8      | Learned a level 1 spell: Summon Butterflies
  6672 | D:9      | Reached ** piety under Hepliaklqana
  6679 | D:9      | Remembered your ancestor Shaco as a hexer
  6871 | D:10     | Entered Level 10 of the Dungeon
  6948 | D:10     | Noticed an orc warlord
  7117 | D:10     | Killed an unseen horror
  7202 | D:10     | Killed an orc warlord
  7205 | D:10     | Got a translucent chain mail
  7455 | D:11     | Noticed Sonja
  7493 | D:11     | Killed Sonja
  7874 | D:11     | Reached *** piety under Hepliaklqana
  7981 | D:12     | Identified the +6 chain mail of the Manifold Mice {rPois Str+6 Stlth+} (You took it off an orc warlord on level 10 of the Dungeon)
  8013 | D:12     | Gained mutation: Your magical and physical power is slightly enhanced at high health. [demonic ancestry]
  8013 | D:12     | Reached XP level 12. HP: 94/95 MP: 12/12
  8053 | D:12     | Noticed a five-headed hydra
  8324 | D:10     | Identified the Reference Book on Spatial Flames
  8454 | D:10     | Found a blossoming altar of Fedhas.
  8454 | D:10     | Found a shadowy altar of Dithmenos.
  8476 | D:10     | Reached skill level 1 in Armour
  8592 | D:10     | Slain by a boulder beetle

Vault maps used:
D:1:      minmay_arrival_nine_rooms
D:2:      minmay_item_behind_shaft
D:3:      kennysheep_ying_yang, uniq_jessica
D:4:      old_forge, enter_ossuary_2, uniq_duvessa, uniq_natasha, uniq_robin,
          uniq_crazy_yiuf_cottage, uniq_sigmund, uniq_blork_the_orc
D:5:      first_bread, lemuel_tele_altar
D:6:      old_standard_altar, guppyfry_early_elven_hall
D:7:      grunt_livestock, uniq_menkaure
D:8:      eat_drink_and_be_merry_uskayaw, grunt_lair_entry_orc_guard_hut,
          minivault_12
D:10:     jmf_multi_god_temple
D:11:     uniq_sonja
D:12:     orc_0_dummy, nicolae_trove_entry_columns, basic_altar
Temple:   nicolae_temple_no_exploring_needed

Skill      XL: |  1  2  3  4  5  6  7  8  9 10 11 12 |
---------------+-------------------------------------+-----
Short Blades   | 3 4 5 6 7 |  7.2
Stealth        | 1 2 3 4 5 7 9 10 | 10.0
Dodging        | 3 5 7 8 |  8.0
Fighting       | 3 5 6 9 |  9.1
Long Blades    | 1 4 7 9 |  9.4
Armour         | 1 |  1.8
Throwing       | |  1.7

Action                   |  1- 3 |  4- 6 |  7- 9 | 10-12 || total
-------------------------+-------+-------+-------+-------++-------
Melee: Rapier            |   136 |    93 |       |       ||   229
       Dagger            |       |    57 |   236 |    28 ||   321
       Double sword      |       |       |   109 |   344 ||   453
Throw: Throwing net      |       |       |     5 |       ||     5
Invok: Recall Ancestor   |       |       |       |     4 ||     4
       Ancestor Life: He |       |       |       |     1 ||     1
       Transference      |       |       |       |     1 ||     1
Evoke: Wand              |       |       |    14 |    15 ||    29
  Use: Scroll            |     3 |     6 |     4 |    12 ||    25
       Potion            |     5 |     1 |     4 |     1 ||    11
 Stab: Sleeping          |     3 |       |    10 |     7 ||    20
       Distracted        |       |     1 |     3 |     5 ||     9
       Held in net/web   |       |       |     1 |       ||     1
       Confused          |       |       |       |     5 ||     5
  Eat: Pizza             |       |     1 |       |     7 ||     8
       Beef jerky        |       |     1 |       |       ||     1
       Chunk             |       |     2 |     9 |     1 ||    12
       Meat ration       |       |       |       |     1 ||     1
       Royal jelly       |       |       |       |     1 ||     1
Armor: Leather armour    |    44 |    22 |    40 |       ||   106
       Robe              |       |       |    50 |    82 ||   132
Dodge: Dodged            |    81 |    70 |   141 |   219 ||   511
Block: Other             |    11 |    21 |    47 |    58 ||   137
       Reflection        |       |       |     3 |    10 ||    13
